cohdb
Replays
Latest Replays
All Replays
Popular Replays
Top Player Replays
Match Explorer
How It Works
Community
CoH3 Stats
Reddit
Sign in to upload your games and track your stats! →
Sign in with Steam
Match 41706147
Unlisted
Match 41706147
Overview
Messages
Build Orders
End
Kettenkrad Recon Vehicle
Construct Infanterie Kompanie
Selects Terror Battlegroup
Selects Machine Gun Camouflage
MG 42 Machine Gun Team
MG 42 Machine Gun Team
Grenadier Squad
Construct Panzergrenadier Kompanie
Selects Contempt for the Weak
Panzergrenadier Squad
Panzergrenadier Squad
Medical Station
Pak 40 Anti-tank Gun Team
Pak 40 Anti-tank Gun Team
Construct Panzer Kompanie
Pioneer Squad
Panzer IV Medium Tank
Panzergrenadier Squad
Selects No Quarter
Selects Propaganda Leaflet Drop
Propaganda Leaflet Drop
Panzergrenadier Squad
Panzergrenadier Officer Quarters
Grenadier Squad
Selects V1 Rocket Strike
Pioneer Squad
Pak 40 Anti-tank Gun Team
Panzergrenadier Squad
Disarmed
Unsafe
-_-Spirit-_-
[UA]Lich
0
0
Comments
sign in to comment!
No comments posted yet!